 Dungeon Crawl Stone Soup version 0.28-a0-1518-gbe868bca14 (webtiles) character file.

Game seed: 14225847183203367560

725 issech the Chopper (level 7, -2/61 HPs)
             Began as a Minotaur Fighter on Jan 17, 2022.
             Was an Initiate of Hepliaklqana.
             Slain by an ogre (29 damage)
             ... on level 5 of the Dungeon.
             The game lasted 00:38:46 (5020 turns).

issech the Chopper (Minotaur Fighter)               Turns: 5020, Time: 00:38:47

Health: -2/61      AC: 11    Str: 23    XL:     7   Next: 43%
Magic:  6/6        EV:  6    Int:  5    God:    Hepliaklqana [......]
Gold:   158        SH:  8    Dex:  9    Spells: 6/6 levels left

rFire   . . .      SeeInvis .   a - +0 war axe
rCold   . . .      Faith    .   W - +0 kite shield
rNeg    . . .      Spirit   .   u - +0 chain mail
rPois   .          Reflect  .   (helmet restricted)
rElec   .          Harm     .   (no cloak)
rCorr   +          Rampage  .   (no gloves)
Will    .....                   R - +0 pair of boots
Stlth   ..........              y - amulet of regeneration
HPRegen 1.00/turn               D - ring of resist corrosion
MPRegen 0.10/turn               B - ring of resist corrosion

@: no status effects
A: horns 2, retaliatory headbutt
a: Renounce Religion


You were on level 5 of the Dungeon.
You worshipped Hepliaklqana.
Hepliaklqana was noncommittal.
You visited 1 branch of the dungeon, and saw 5 of its levels.

You collected 158 gold pieces.

Inventory:

Hand Weapons
 a - a +0 war axe (weapon)
 d - a +0 scythe
 f - a +0 dagger
 j - a +0 short sword
 l - a +0 club
 o - a +0 club
 s - a +0 whip
 E - a +0 hunting sling of flaming
 J - a +0 mace
 K - a +0 hand axe
 L - a +0 flail
 M - a +0 club
 N - a +0 war axe
 P - a +0 spear
 T - a +0 whip
 X - a +0 short sword
Missiles
 e - 17 arrows
 n - 8 poisoned darts
 r - 50 sling bullets
 t - 161 stones
 v - 3 silver javelins (quivered)
 G - 23 bolts
Armour
 b - a +0 scale mail
 c - a +0 buckler
 g - a +1 animal skin
 h - a +0 robe
 q - a +0 ring mail
 u - a +0 chain mail (worn)
 z - a +0 robe
 H - a +0 leather armour
 Q - a +0 leather armour
 R - a +0 pair of boots (worn)
 S - a +0 leather armour
 U - a +0 leather armour
 W - a +0 kite shield (worn)
Jewellery
 y - an amulet of regeneration (around neck)
 B - a ring of resist corrosion (right hand)
 D - a ring of resist corrosion (left hand)
 Y - a ring of willpower
Wands
 x - a wand of flame (19)
Scrolls
 i - a scroll of fog {unknown}
 k - a scroll of acquirement {unknown}
 m - 2 scrolls of blinking {unknown}
 A - a scroll of magic mapping {unknown}
 C - 3 scrolls of noise
 F - 2 scrolls of vulnerability
 I - a scroll of immolation {unknown}
Potions
 p - 2 potions of invisibility
 w - 3 potions of curing
 O - a potion of haste {unknown}
 V - a potion of lignification {unknown}


   Skills:
 + Level 5.2 Fighting
 + Level 6.6 Axes
 + Level 6.2 Armour
 + Level 1.1 Dodging
 + Level 0.4 Stealth
 + Level 5.1 Shields


You had 6 spell levels left.
You didn't know any spells.
Your spell library contained the following spells:

 Spells                   Type           Power      Damage    Failure   Level
 Sandblast                Erth           0%         2d4       100%        1
 Shock                    Conj/Air       0%         1d3       100%        1
 Passwall                 Tmut/Erth      0%         N/A       100%        2
 Stone Arrow              Conj/Erth      0%         3d7       100%        3
 Swiftness                Air            0%         N/A       100%        3
 Airstrike                Air            0%         N/A       100%        4


Dungeon Overview and Level Annotations

Branches:
Dungeon (5/15)
 Temple: D:4-7

Altars:
Cheibriados
Hepliaklqana
Qazlal
The Shining One


Innate Abilities, Weirdness & Mutations

You have a pair of horns on your head.
You reflexively headbutt those who attack you in melee.


Message History

The adder bites you but does no damage. The adder bites you.
You hit the adder.
You kill the adder!
You see here an adder corpse.
An orc comes into view. It is wielding a +0 short sword.
The orc shouts!
You closely miss the orc. The orc hits you but does no damage. x2
You slash the orc!
You kill the orc!
Things that are here:
a +0 short sword; an orc corpse
X - a +0 short sword You open the door.
There is an open door here.
There is an open door here.
You open the door.
There is an open door here.
Found a potion of curing.
Found a stone staircase leading down.
w - 4 potions of curing (gained 1)
You open the door.
There is an open door here.
You now have 158 gold pieces (gained 9).
Y - a ring of willpower
There is a stone staircase leading up here.
Found 7 gold pieces.
An ogre comes into view. It is wielding a +0 giant spiked club.
The ogre shouts!
You hit the ogre. You headbutt the ogre.
The ogre is moderately wounded.
The ogre hits you with a +0 giant spiked club!!
You slash the ogre!
The ogre is severely wounded.
The ogre hits you with a +0 giant spiked club!
You barely miss the ogre.
The ogre is severely wounded.
The ogre hits you with a +0 giant spiked club!
* * * LOW HITPOINT WARNING * * *
You feel better.
The ogre hits you with a +0 giant spiked club!!
You die...

...... ..#.# . .. ....#
.. ... ...# # ..
...####..# .# ..
.........##.# ..
#...........### .
#.......@O.$..# ###.
.........#.#..# ....
.....#....#.#..#
............#.........#
............#.#..#.#.##
.....................#
.....................#
.####...............##
...##.###...........#


You could see an ogre.

Vanquished Creatures
  Sigmund (D:3)
  An ice beast (D:5)
  An ogre (D:4)
  A phantom (D:3)
  A hound (D:4)
  2 iguanas (D:5)
  Terence (D:2)
  An orc wizard (D:3)
  Robin (D:3)
  5 adders
  3 dart slugs
  13 orcs
  9 endoplasms
  A giant cockroach (D:2)
  18 goblins
  12 hobgoblins
  4 jackals
  4 quokkas
  8 ball pythons
  4 bats
  8 frilled lizards
  8 kobolds
  4 rats
111 creatures vanquished.

Notes
Turn   | Place    | Note
-------+----------+-------------------------------------------
     0 | D:1      | issech the Minotaur Fighter began the quest for the Orb.
     0 | D:1      | Reached XP level 1. HP: 19/19 MP: 0/0
    74 | D:1      | Reached XP level 2. HP: 25/27 MP: 1/1
   390 | D:1      | Reached XP level 3. HP: 25/33 MP: 2/2
   958 | D:2      | Found a snail-covered altar of Cheibriados.
  1012 | D:2      | Found a faded altar of an unknown god.
  1140 | D:2      | Reached XP level 4. HP: 22/40 MP: 3/3
  1397 | D:2      | Noticed Terence
  1404 | D:2      | Killed Terence
  2434 | D:3      | Noticed Sigmund
  2459 | D:3      | Killed Sigmund
  2460 | D:3      | Reached skill level 5 in Axes
  2460 | D:3      | Reached skill level 5 in Armour
  2460 | D:3      | Reached skill level 1 in Dodging
  2460 | D:3      | Reached XP level 5. HP: 24/47 MP: 4/4
  2460 | D:3      | Reached XP level 6. HP: 27/53 MP: 5/5
  2701 | D:3      | Noticed Robin
  2735 | D:3      | Killed Robin
  3791 | D:4      | Reached XP level 7. HP: 43/60 MP: 6/6
  4023 | D:4      | Found a glowing golden altar of the Shining One.
  4026 | D:4      | Found a stormy altar of Qazlal.
  4490 | D:5      | Entered Level 5 of the Dungeon
  4633 | D:5      | Reached skill level 5 in Fighting
  4775 | D:5      | Reached skill level 5 in Shields
  4781 | D:5      | Found a hazy altar of Hepliaklqana.
  4787 | D:5      | Became a worshipper of Hepliaklqana the Forgotten
  5020 | D:5      | Slain by an ogre

Illustrated notes

Levels and vault maps discovered:
D:1:      co_arrival_random_square_maze, layout_rooms
D:2:      layout_basic, dreamdust_ecumenical_altar_statues, basic_altar,
          minmay_misc_feat_five, uniq_terence
D:3:      layout_rooms, kennysheep_boxes, uniq_robin, uniq_sigmund
D:4:      layout_basic, nicolae_overflow_hidden_temple
D:5:      layout_basic, marbit_many_paths, uniq_grinder

Skill      XL: |  1  2  3  4  5  6  7 |
---------------+----------------------+-----
Fighting       | 4 5 |  5.2
Armour         | 4 5 6 |  6.2
Shields        | 4 5 |  5.1
Axes           | 3 5 6 |  6.6
Dodging        | 1 |  1.1
Stealth        | |  0.4

Action                   |  1- 3 |  4- 6 |  7- 9 || total
-------------------------+-------+-------+-------++-------
Melee: War axe           |    79 |   122 |    44 ||   245
       Headbutt          |     6 |    16 |     7 ||    29
Throw: Javelin           |       |     3 |       ||     3
  Use: Scroll            |       |     2 |     2 ||     4
       Potion            |       |     1 |     1 ||     2
Armor: Scale mail        |    32 |    40 |       ||    72
       Chain mail        |       |    13 |    22 ||    35
Dodge: Dodged            |    37 |    60 |    11 ||   108
Block: Buckler           |    11 |    32 |     5 ||    48
       Kite shield       |       |       |     4 ||     4

Table legend: (Time is in decaauts)
 A = Elapsed time spent in this place.
 B = Non-inter-level travel time spent in this place.
 C = Inter-level travel time spent in this place.
 D = Time resting spent in this place.
 E = Time spent auto-exploring this place.
 F = Levels seen in this place.
 G = Mean time per level.
                   A        B        C        D        E       F      G
               +--------+--------+--------+--------+--------+-----+--------+
         Total |   5120 |   5120 |      0 |    842 |   1195 |   5 | 1024.0 |
       Dungeon |   5120 |   5120 |      0 |    842 |   1195 |   5 | 1024.0 |
               +--------+--------+--------+--------+--------+-----+--------+

Top non-repeatable levels by time:
     D:2: 1381 daAuts
     D:3: 1169 daAuts
     D:4: 1054 daAuts
     D:1: 976 daAuts
     D:5: 539 daAuts
